 Dungeon Crawl Stone Soup version 0.28.0-45-g0d030f2227 (webtiles) character file.

Game seed: 11337026129716728563

65 MisterFreud the Poker (level 4, 0/63 HPs)
             Began as a Naga Fighter on Apr 14, 2022.
             Slain by a goblin
             ... wielding a +0 dagger
             ... led by Robin
              (3 damage)
             ... on level 2 of the Dungeon.
             The game lasted 00:02:06 (1696 turns).

MisterFreud the Poker (Naga Fighter)                Turns: 1696, Time: 00:02:06

Health: 0/63       AC: 22    Str: 20    XL:     4   Next: 14%
Magic:  4/4        EV:  1    Int:  9    God:
Gold:   33         SH:  4    Dex: 10    Spells: 3/3 levels left

rFire   . . .      SeeInvis +   a - +0 trident
rCold   . . .      Faith    .   c - +0 buckler
rNeg    . . .      Spirit   .   (armour currently unavailable)
rPois   +          Reflect  .   (helmet currently unavailable)
rElec   .          Harm     .   (cloak currently unavailable)
rCorr   .          Rampage  .   (gloves currently unavailable)
Will    .....      NoTele   +   (no barding)
Stlth   +.........              (no amulet)
HPRegen 0.20/turn               (no ring)
MPRegen 0.09/turn               (no ring)

@: tree-form, invisible
A: stationary, stasis, torment immunity, boosted hp, AC +1, large, see
invisible, (deformed body), (poison resistance), (slowness 2), spit poison 1,
(naga tail 1)
a: Spit Poison


You were on level 2 of the Dungeon.
You were a tree.
You visited 1 branch of the dungeon, and saw 2 of its levels.

You collected 33 gold pieces.

Inventory:

Hand Weapons
 a - a +0 trident (weapon)
Missiles
 i - 6 poisoned darts
 j - 4 boomerangs
Armour
 b - a +0 scale mail (melded)
 c - a +0 buckler (worn)
Scrolls
 f - a scroll of silence {unknown}
 g - a scroll of teleportation {unknown}
 k - a scroll of identify {unknown}
Potions
 d - a potion of might
 e - a potion of lignification


   Skills:
 - Level 3.0 Fighting
 + Level 4.3 Polearms
 - Level 2.4 Armour
 - Level 2.4 Shields


You had 3 spell levels left.
You didn't know any spells.
Your spell library contained the following spells:

 Spells                   Type           Power      Damage    Failure   Level
 Fireball                 Conj/Fire      0%         3d3       100%        5
 Iskenderun's Battlesphe  Conj           0%         2d6       100%        5
 Conjure Ball Lightning   Conj/Air       0%         3x3d6     100%        6
 Orb of Destruction       Conj           0%         9d5       100%        7


Dungeon Overview and Level Annotations

Branches:
Dungeon (2/15)

Altars:
Gozag

Annotations:
D:2 Robin


Innate Abilities, Weirdness & Mutations

You are a tree.
Your roots penetrate the ground, keeping you stationary.
You cannot be teleported.
You are immune to unholy pain and torment.
Your maximum health is greatly increased.
Your equipment is partially melded.
((Your serpentine skin is tough. (AC +1)))
You have supernaturally acute eyesight. (SInv)
((Armour fits poorly on your strangely shaped body.))
((Your system is resistant to poisons. (rPois)))
((You cover ground very slowly.))
You can spit poison.
((You have a snake-like lower body.))


Message History

Unknown command.
You miss the adder.
The adder is almost dead.
A goblin comes into view. It is wielding a +0 club.
The adder bites you.
* * * LOW HITPOINT WARNING * * *
The goblin hits you with a +0 dagger.
* * * LOW HITPOINT WARNING * * *
It was a potion of lignification.
You turn into a tree.
Your +0 scale mail melds into your body.
Your roots penetrate the ground.
The adder bites you but does no damage.
Robin roars a battlecry!
The hobgoblin goes into a battle-frenzy!
You block the goblin's attack. The adder bites you but does no damage.
You hear a shout!
It was a potion of invisibility.
You fade into invisibility!
The goblin hits you with a +0 dagger.
* * * LOW HITPOINT WARNING * * *
The adder bites you but does no damage.
Unknown command.
Unknown command.
You hit the adder.
You kill the adder!
The goblin hits you but does no damage.
You have reached level 4!
You feel clever.
Okay, then.
You barely miss the goblin. The goblin hits you but does no damage.
Unknown command.
You closely miss the goblin.
The goblin no longer looks unusually strong.
The goblin barely misses you.
Unknown command.
You miss the goblin.
The goblin hits you but does no damage. x2
You closely miss the goblin. The goblin hits you but does no damage.
You barely miss the goblin. The goblin hits you but does no damage.
Robin says, "A pitiful Naga like you will never find the ORB!"
You closely miss the goblin. The goblin hits you with a +0 dagger.
You die...

#### #... ###
######..# ....
###......# ..g#
.........#######gg#...
...#.....##....g..!...
.
#........#g...g.#####.
.. ..S.......gg#####
...
##.###.#.#gJg♣†.###
._.. #
#.#.######...###.....
#. .. ###.........
..##. .. #....#...
###.... ..#######.####
#...... #.......#.#
........## ##...#
.........######..###
.....<...##......#


You could see Robin, an endoplasm, a hobgoblin (strong) and 3 goblins.

Vanquished Creatures
  2 adders (D:2)
  A worm (D:2)
  3 dart slugs (D:1)
  4 ball pythons
  3 endoplasms (D:1)
  2 giant cockroaches (D:1)
  4 goblins
  A hobgoblin (D:2)
  A jackal (D:1)
  2 quokkas (D:1)
  A bat (D:1)
  8 frilled lizards
  4 kobolds
  4 rats
40 creatures vanquished.

Vanquished Creatures (others)
  6 fungi (D:2)
  6 plants (D:2)
12 creatures vanquished.

Grand Total: 52 creatures vanquished

Notes
Turn   | Place    | Note
-------+----------+-------------------------------------------
     0 | D:1      | MisterFreud the Naga Fighter began the quest for the Orb.
     0 | D:1      | Reached XP level 1. HP: 21/21 MP: 1/1
   114 | D:1      | Reached XP level 2. HP: 20/28 MP: 2/2
   148 | D:1      | HP: 1/28 [dart slug/slug dart (2)]
   476 | D:1      | Reached skill level 3 in Polearms
   667 | D:1      | Reached XP level 3. HP: 34/34 MP: 3/3
  1624 | D:2      | Reached skill level 4 in Polearms
  1644 | D:2      | Found an opulent altar of Gozag.
  1660 | D:2      | Noticed Robin
  1687 | D:2      | HP: 1/34 [goblin/+0 dagger[Robin] (2)]
  1691 | D:2      | Reached XP level 4. HP: 2/42 MP: 4/4
  1696 | D:2      | Slain by a goblin

Illustrated notes

Levels and vault maps discovered:
D:1:      dpeg_arrival_tiny_a, layout_basic, serial_corexii_hall,
          corexii_hall_statues_t, corexii_hall_statues_s, st_stairs_9,
          kennysheep_small_spiral
D:2:      layout_rooms, basic_altar, shapermc_ecumenical_altar_gd, uniq_robin,
          uniq_jessica, uniq_natasha

Skill      XL: |  1  2  3 |
---------------+----------+-----
Polearms       | 3 4 |  4.3
Fighting       | |  3.0
Armour         | |  2.4
Shields        | |  2.4

Action                   |  1- 3 |  4- 6 || total
-------------------------+-------+-------++-------
Melee: Trident           |    85 |     6 ||    91
 Abil: Spit Poison       |    25 |       ||    25
  Use: Potion            |     2 |       ||     2
Armor: Scale mail        |    31 |       ||    31
       Skin              |     4 |     5 ||     9
Dodge: Dodged            |    32 |     1 ||    33
Block: Buckler           |    17 |       ||    17
